 Dungeon Crawl Stone Soup version 0.19.1-1-g22dce08 (webtiles) character file.

9277 Queen the Cleaver (level 11, -3/72 HPs)
             Began as a Gargoyle Berserker on Jan 6, 2017.
             Was a High Priest of Trog.
             Killed from afar by a rime drake (20 damage)
             ... with a flash freeze
             ... on level 2 of the Lair of Beasts.
             The game lasted 00:07:02 (9462 turns).

Queen the Cleaver (Gargoyle Berserker)              Turns: 9462, Time: 00:07:03

Health: -3/72      AC: 23    Str: 24    XL:     11   Next: 44%
Magic:  11/11      EV:  9    Int:  8    God:    Trog [*****.]
Gold:   341        SH:  0    Dex:  9    Spells: 0 memorised, 10 levels left

rFire  . . .     SeeInvis .     Y - +2 war axe
rCold  . . .     Gourm    .     j - +0 chain mail
rNeg   + . .     Faith    .     (no shield)
rPois  ∞         Spirit   .     a - +0 helmet
rElec  +         Reflect  .     (no cloak)
rCorr  .         Harm     .     f - +2 pair of gloves
MR     .....                    (no boots)
Stlth  ..........               (no amulet)
                                (no ring)
                                w - +2 ring of slaying {mikee}

@: exhausted, slowed, very slow
A: negative energy resistance 1, electricity resistance, unbreathing,
petrification resistance, rot immunity, AC +7
a: Berserk, Trog's Hand, Brothers in Arms, Burn Spellbooks, Renounce Religion


You were on level 2 of the Lair of Beasts.
You worshipped Trog.
Trog was extremely pleased with you.
You were not hungry.

You visited 2 branches of the dungeon, and saw 10 of its levels.

You collected 523 gold pieces.
You spent 182 gold pieces at shops.


Innate Abilities, Weirdness & Mutations

You are resistant to torment.
Your stone body is resilient. (AC +7)
You are immune to poison.
You resist negative energy. (rN+)
You are resistant to electric shocks. (rElec)
You can survive without breathing.
You are immune to petrification.
You are immune to rotting.


   Skills:
 - Level 10.0 Fighting
 + Level 12.2 Axes
 - Level 8.3 Armour
 - Level 2.6 Dodging


You had 10 spell levels left.
You didn't know any spells.

Inventory:

Hand Weapons
 p - a +0 morningstar
 Y - a +2 war axe (weapon)
Missiles
 g - 2 tomahawks (quivered)
Armour
 a - a +0 helmet (worn)
 d - a +2 hat
 f - a +2 pair of gloves (worn)
 j - a +0 chain mail (worn)
Jewellery
 w - a +2 ring of slaying (left hand) {mikee}
Wands
 i - a wand of disintegration (3/24)
Scrolls
 t - a scroll of identify
 u - 2 scrolls of remove curse
Potions
 b - a potion of might
 m - 5 potions of curing
 s - a potion of cure mutation {unknown}
 v - a potion of haste {unknown}
 z - a potion of resistance {unknown}
Comestibles
 c - 5 bread rations
 e - 7 royal jellies
 o - a slice of pizza
 A - 3 meat rations

Dungeon Overview and Level Annotations

Branches:
Dungeon (8/15)             Temple (0/1) D:6            Lair (2/6) D:8
  Swamp: Lair:2-4    Shoals: Lair:2-4     Snake: Lair:2-4    Spider: Lair:2-4

Altars:
Elyvilon
Hepliaklqana
Nemelex Xobeh
Okawaru
Sif Muna
Xom

Shops:
D:5 (   D:8 }


Message History

You are encased in ice.
The rime drake bites you but does no damage.
9459 ||| INVOKING Brothers in Arms.
You fail to use your ability.
The rime drake bites you.
The rime drake bites you but does no damage.
9460 ||| INVOKING Brothers in Arms.
Your two-headed ogre goes berserk!
You feel quite a bit more hungry. The ice encasing you melts away.
The rime drake barely misses you. x2
You miss the rime drake.
The rime drake is moderately wounded.
You slash the fungus!
You destroy the fungus!
The rime drake barely misses you.
You slash the rime drake!
The rime drake is heavily wounded.
The rime drake breathes ice at you. The flash freeze hits you!
You die...

... ... P ... #.# P. .. ..#
......#.## .......#..##
#.P...(.....### .......(#O.##.#
## ##......P#k@...###.##
####.#.......................
###P##.#.........%............#
..............................# 7
..............................# P
...................<..........##
.........#.#.####.#............##
####.P.........................#.
.........#........#..............


You could see a rime drake and a friendly two-headed ogre (berserk).

Vanquished Creatures
  A hill giant (D:6)
  Joseph (D:8)
  A spiny frog (Lair:2)
  A komodo dragon (Lair:1)
  4 polar bears (Lair:1)
  A hornet (D:7)
  A hippogriff (D:8)
  The ghost of Jynx the Firebug, an amateur DEFE (D:5)
  Sigmund (D:5)
  2 water moccasins (Lair:1)
  Edmund (D:5)
  2 hell hounds (D:8)
  2 orc warriors
  3 porcupines (Lair:1)
  2 sky beasts (D:8)
  3 black bears
  4 phantoms
  2 ogres
  6 wolves (Lair:2)
  4 centaurs
  3 crocodiles
  5 bullfrogs
  A water moccasin skeleton (D:8)
  3 howler monkeys
  6 crimson imps
  5 jellies
  A quasit (D:7)
  3 hounds
  10 orc wizards
  3 orc priests
  4 iguanas
  A centaur skeleton (D:8)
  2 bullfrog skeletons (D:5)
  4 worker ants
  A hound zombie (D:7)
  A worker ant zombie (D:7)
  11 gnolls
  6 adders
  2 shadow imps
  8 oozes
  2 adder skeletons
  3 worms
  A dart slug (D:2)
  4 leopard geckos
  28 orcs
  5 ball pythons
  5 giant cockroaches
  6 goblins
  6 hobgoblins
  10 jackals
  9 kobolds
  6 quokkas
  9 bats
  5 frilled lizards
  A leopard gecko zombie (D:7)
  A quokka skeleton (D:7)
  5 rats
  2 fungi
231 creatures vanquished.

Vanquished Creatures (collateral kills)
  Gastronok (Lair:2)
  A hydra (Lair:1)
  2 bullfrogs (Lair:2)
4 creatures vanquished.

Grand Total: 235 creatures vanquished

Notes
Turn   | Place    | Note
-------+----------+-------------------------------------------
     0 | D:1      | Queen the Gargoyle Berserker began the quest for the Orb.
     0 | D:1      | Reached XP level 1. HP: 14/14 MP: 1/1
     0 | D:1      | 0 ||| counter = 1
    36 | D:1      | 36 ||| INVOKING Berserk.
    37 | D:1      | Reached skill level 3 in Axes
   289 | D:1      | Reached XP level 2. HP: 13/19 MP: 2/2
   606 | D:1      | Reached XP level 3. HP: 23/23 MP: 3/3
   707 | D:1      | Reached ** piety under Trog
   917 | D:1      | 917 ||| UPGRADING to chain mail.
   927 | D:1      | 927 ||| DROPPING +0 animal skin.
   928 | D:1      | 928 ||| READING scroll labeled AKOUKY CANT.
   929 | D:1      | 929 ||| READING 2 scrolls labeled ZYOFRAAT SOOT.
   934 | D:1      | 934 ||| READING scroll labeled TED PASMUDIPTICW.
   949 | D:2      | Reached skill level 4 in Axes
  1041 | D:2      | 1041 ||| DROPPING club.
  1071 | D:2      | Found a shimmering altar of Xom.
  1073 | D:2      | Found a white marble altar of Elyvilon.
  1191 | D:2      | Reached XP level 4. HP: 28/28 MP: 4/4
  1455 | D:2      | Found a hazy altar of Hepliaklqana.
  1455 | D:2      | Found an iron altar of Okawaru.
  1461 | D:2      | Found a burning altar of Makhleb.
  1461 | D:2      | Found a sparkling altar of Nemelex Xobeh.
  1461 | D:2      | Found a shimmering altar of Xom.
  1632 | D:2      | 1632 ||| READING scroll labeled VAMMUA GIPSI.
  1633 | D:2      | 1633 ||| READING scroll labeled NAMESMUCUR.
  1634 | D:2      | 1634 ||| DRINKING 2 fizzy coppery potions.
  1639 | D:2      | 1639 ||| DROPPING potion of ambrosia.
  1773 | D:3      | 1773 ||| DROPPING whip.
  1869 | D:3      | 1869 ||| INVOKING Berserk.
  1875 | D:3      | Reached skill level 5 in Axes
  1875 | D:3      | Reached XP level 5. HP: 32/32 MP: 5/5
  1989 | D:3      | Found a sparkling altar of Nemelex Xobeh.
  2051 | D:3      | Reached *** piety under Trog
  2101 | D:3      | 2101 ||| UPGRADING to morningstar.
  2102 | D:3      | 2102 ||| SWAPPING to +0 hand axe.
  2552 | D:3      | 2552 ||| UPGRADING to helmet.
  2557 | D:3      | 2557 ||| READING 2 scrolls labeled HEOCSE QAOPSA.
  2558 | D:3      | 2558 ||| READING scroll labeled ATARPHEW OQUIRCH.
  2559 | D:3      | 2559 ||| READING scroll labeled ZATTUI GOOHOSS.
  2560 | D:3      | 2560 ||| READING scroll labeled QADO LUIBRO.
  2561 | D:3      | 2561 ||| DRINKING 2 purple potions.
  2562 | D:3      | 2562 ||| READING scroll of identify.
  2562 | D:3      | 2562 ||| IDENTIFYING thin bronze amulet
  2563 | D:3      | 2563 ||| DROPPING amulet of magic regeneration.
  2590 | D:4      | Noticed a phantom
  2601 | D:4      | Killed a phantom
  2601 | D:4      | Reached XP level 6. HP: 40/40 MP: 6/6
  2614 | D:4      | 2614 ||| INVOKING Berserk.
  2627 | D:4      | 2627 ||| READING 3 scrolls of teleportation.
  2713 | D:4      | 2713 ||| EATING 3 fruits.
  3035 | D:4      | 3035 ||| INVOKING Burn Spellbooks.
  3285 | D:4      | 3285 ||| EATING 2 fruits.
  3561 | D:4      | 3561 ||| EATING fruit.
  3603 | D:4      | Noticed a phantom
  3604 | D:4      | Reached skill level 6 in Axes
  3640 | D:4      | Killed a phantom
  3640 | D:4      | Reached skill level 3 in Armour
  3640 | D:4      | Reached XP level 7. HP: 34/44 MP: 7/7
  3769 | D:4      | 3769 ||| READING scroll labeled JAICUN OT WIOPS.
  3770 | D:4      | 3770 ||| DRINKING 5 red potions.
  3771 | D:4      | 3771 ||| DROPPING 4 potions of magic.
  3798 | D:5      | Entered Level 5 of the Dungeon
  3806 | D:5      | 3806 ||| INVOKING Berserk.
  3811 | D:5      | HP: 12/66 [centaur (6)]
  4065 | D:5      | Found Ereusuk's Antique Weapon Shop.
  4068 | D:5      | 4068 ||| INVOKING Berserk.
  4076 | D:5      | 4076 ||| EATING slice of pizza.
  4134 | D:5      | Noticed Sigmund
  4141 | D:5      | 4141 ||| INVOKING Berserk.
  4148 | D:5      | Killed Sigmund
  4148 | D:5      | Reached skill level 7 in Axes
  4148 | D:5      | Reached XP level 8. HP: 49/49 MP: 8/8
  4151 | D:5      | 4151 ||| EATING 2 beef jerkies.
  4216 | D:5      | Bought a war axe for 91 gold pieces
  4216 | D:5      | 4216 ||| SHOPLISTING glowing flail (247 gold, have 100).
  4216 | D:5      | 4216 ||| SWAPPING to war axe.
  4217 | D:5      | Bought a war axe for 91 gold pieces
  4217 | D:5      | 4217 ||| DROPPING +1 hand axe.
  4218 | D:5      | 4218 ||| READING 3 scrolls of remove curse.
  4219 | D:5      | 4219 ||| SWAPPING to war axe.
  4220 | D:5      | 4220 ||| DROPPING -2 war axe.
  4229 | D:5      | Noticed Edmund
  4255 | D:5      | Killed Edmund
  4357 | D:5      | Noticed Jynx's ghost (amateur DEFE)
  4361 | D:5      | 4361 ||| INVOKING Berserk.
  4368 | D:5      | Killed Jynx's ghost
  4368 | D:5      | Reached skill level 8 in Axes
  4455 | D:5      | 4455 ||| INVOKING Berserk.
  4462 | D:5      | Reached skill level 6 in Fighting
  4471 | D:5      | Reached **** piety under Trog
  4519 | D:5      | Found an iron altar of Okawaru.
  4707 | D:5      | Found a deep blue altar of Sif Muna.
  4861 | D:5      | 4861 ||| UPGRADING to pair of gloves.
  4866 | D:5      | 4866 ||| READING scroll labeled EHOZUGH RAOSM.
  4867 | D:5      | 4867 ||| DRINKING 2 glowing inky potions.
  4868 | D:5      | 4868 ||| READING 3 scrolls of identify.
  4868 | D:5      | 4868 ||| IDENTIFYING metallic blue potion
  4869 | D:5      | 4869 ||| READING 2 scrolls of identify.
  4869 | D:5      | 4869 ||| IDENTIFYING coppery potion
  4870 | D:5      | 4870 ||| DROPPING potion of degeneration.
  4871 | D:5      | 4871 ||| DROPPING potion of flight.
  4904 | D:6      | Noticed a hill giant
  4905 | D:6      | 4905 ||| INVOKING Berserk.
  4909 | D:6      | Killed a hill giant
  4909 | D:6      | Reached skill level 9 in Axes
  4909 | D:6      | Reached XP level 9. HP: 56/56 MP: 9/9
  4932 | D:6      | 4932 ||| EATING beef jerky.
  5077 | D:6      | Found a hazy altar of Hepliaklqana.
  5232 | D:6      | Found a staircase to the Ecumenical Temple.
  5390 | D:6      | 5390 ||| INVOKING Berserk.
  5500 | D:6      | 5500 ||| INVOKING Berserk.
  5502 | D:6      | Reached skill level 10 in Axes
  5587 | D:6      | Found a hazy altar of Hepliaklqana.
  6015 | D:6      | 6015 ||| UPGRADING to encrusted cabochon ring.
  6016 | D:6      | 6016 ||| REMOVING ring of magical power.
  6017 | D:6      | 6017 ||| DROPPING ring of magical power.
  6018 | D:6      | 6018 ||| READING 3 scrolls of identify.
  6018 | D:6      | 6018 ||| IDENTIFYING fuming purple potion
  6019 | D:6      | 6019 ||| READING 2 scrolls of identify.
  6019 | D:6      | 6019 ||| IDENTIFYING blue potion
  6020 | D:6      | 6020 ||| DROPPING wand of acid.
  6021 | D:6      | 6021 ||| DROPPING potion of lignification.
  6022 | D:6      | 6022 ||| DROPPING potion of brilliance.
  6173 | D:7      | 6173 ||| INVOKING Berserk.
  6255 | D:7      | 6255 ||| READING scroll of enchant armour.
  6255 | D:7      | 6255 ||| ENCHANTING +0 pair of gloves.
  6290 | D:7      | Reached ***** piety under Trog
  6527 | D:7      | Noticed a hornet
  6546 | D:7      | 6546 ||| INVOKING Berserk.
  6547 | D:7      | Killed a hornet
  6547 | D:7      | Reached skill level 6 in Armour
  6638 | D:7      | 6638 ||| EATING 3 fruits.
  6744 | D:7      | 6744 ||| EATING 2 fruits.
  6893 | D:7      | 6893 ||| UPGRADING to notched pearl ring.
  6991 | D:8      | 6991 ||| INVOKING Burn Spellbooks.
  6996 | D:8      | Found a staircase to the Lair.
  7003 | D:8      | 7003 ||| INVOKING Berserk.
  7009 | D:8      | Reached XP level 10. HP: 40/64 MP: 10/10
  7015 | D:8      | HP: 20/97 [orc warrior/glaive (7)]
  7019 | D:8      | Reached skill level 9 in Fighting
  7022 | D:8      | 7022 ||| READING 3 scrolls of teleportation.
  7022 | D:8      | HP: 13/66 [orc wizard/magic dart (2)]
  7023 | D:8      | 7023 ||| DRINKING potion of heal wounds.
  7025 | D:8      | 7025 ||| EATING fruit.
  7029 | D:8      | 7029 ||| READING 2 scrolls of teleportation.
  7111 | D:8      | 7111 ||| EATING 5 bread rations.
  7166 | D:8      | 7166 ||| INVOKING Berserk.
  7250 | D:8      | Noticed Joseph
  7270 | D:8      | Killed Joseph
  7357 | D:8      | Found Ukhos's Quality Used Wands.
  7504 | D:8      | 7504 ||| READING scroll of enchant weapon.
  7504 | D:8      | 7504 ||| ENCHANTING +0 war axe.
  7804 | D:8      | 7804 ||| INVOKING Berserk.
  7870 | D:8      | 7870 ||| UPGRADING to pair of runed gloves.
  7881 | D:8      | 7881 ||| DROPPING +1 pair of gloves.
  7882 | D:8      | 7882 ||| READING scroll labeled ITIXUOTHR LOUPH.
  7883 | D:8      | 7883 ||| DROPPING wand of iceblast.
  7921 | Lair:1   | Entered Level 1 of the Lair of Beasts
  7922 | Lair:1   | 7922 ||| Entered L.
  7949 | Lair:1   | Reached skill level 11 in Axes
  8038 | Lair:1   | Noticed a six-headed hydra
  8039 | Lair:1   | 8039 ||| INVOKING Brothers in Arms.
  8041 | Lair:1   | 8041 ||| SWAPPING to +0 morningstar.
  8042 | Lair:1   | 8042 ||| INVOKING Berserk.
  8044 | Lair:1   | Killed a six-headed hydra
  8049 | Lair:1   | 8049 ||| SWAPPING to +1 war axe.
  8089 | Lair:1   | 8089 ||| EATING 10 royal jellies.
  8272 | Lair:1   | 8272 ||| INVOKING Berserk.
  8390 | Lair:1   | 8390 ||| INVOKING Berserk.
  8394 | Lair:1   | Reached XP level 11. HP: 71/71 MP: 11/11
  8394 | Lair:1   | Reached skill level 12 in Axes
  8606 | Lair:1   | 8606 ||| INVOKING Berserk.
  8652 | Lair:1   | 8652 ||| EATING 9 royal jellies.
  8915 | Lair:1   | 8915 ||| READING scroll labeled QILU HUMER.
  8916 | Lair:1   | 8916 ||| READING 3 scrolls of identify.
  8916 | Lair:1   | 8916 ||| IDENTIFYING sedimented red potion
  8917 | Lair:1   | 8917 ||| READING 2 scrolls of identify.
  8917 | Lair:1   | 8917 ||| IDENTIFYING silvery potion
  8918 | Lair:1   | 8918 ||| DROPPING wand of slowing.
  8919 | Lair:1   | 8919 ||| DROPPING potion of agility.
  8920 | Lair:1   | 8920 ||| DROPPING potion of berserk rage.
  8963 | Lair:2   | Noticed Gastronok
  8963 | Lair:2   | 8963 ||| INVOKING Berserk.
  8972 | Lair:2   | 8972 ||| READING scroll of teleportation.
  8977 | Lair:2   | 8977 ||| INVOKING Brothers in Arms.
  8983 | Lair:2   | HP: 12/72 [Gastronok (19)]
  8987 | Lair:2   | Killed Gastronok
  8988 | Lair:2   | 8988 ||| INVOKING Burn Spellbooks.
  8989 | Lair:2   | 8989 ||| EATING 8 royal jellies.
  9245 | Lair:2   | 9245 ||| READING scroll of enchant weapon.
  9245 | Lair:2   | 9245 ||| ENCHANTING +1 war axe.
  9441 | Lair:2   | 9441 ||| INVOKING Berserk.
  9459 | Lair:2   | 9459 ||| INVOKING Brothers in Arms.
  9459 | Lair:2   | HP: 16/72 [rime drake (3)]
  9460 | Lair:2   | 9460 ||| INVOKING Brothers in Arms.
  9462 | Lair:2   | Killed from afar by a rime drake

Vault maps used:
D:1:      shiori_arrival_maze
D:2:      lemuel_crystal_altar, doesnt_xom_only_xom, first_bread,
          grunt_ministairs_6
D:3:      nemelex_xobeh_ov_fountains_minmay
D:4:      minmay_diamond_boxcup
D:5:      lemuel_round_altar, nicolae_overflow_crystal_walls, serial_shops,
          shop_fountains, minmay_misc_feat_columns, uniq_sigmund, uniq_edmund
D:6:      lemuel_round_altar, minmay_ruined_shrine, uniq_duvessa
D:7:      serial_glass, glass_columns_a, glass_columns_a
D:8:      minmay_lair_entry_lava, hangedman_little_slice_of_home,
          nicolae_for_you_no_charge, uniq_joseph
Lair:1:   beast_lair_carwin_large_2, serial_bayou_shore_b
Lair:2:   guppyfry_snake_entry_garden, uniq_gastronok

Skill      XL: |  1  2  3  4  5  6  7  8  9 10 11 |
---------------+----------------------------------+-----
Axes           | 3 4 5 6 7 9 10 11 12 | 12.2
Fighting       | 5 6 8 9 10 | 10.0
Armour         | 3 4 6 7 8 |  8.3
Dodging        | 2 |  2.6

Action                   |  1- 3 |  4- 6 |  7- 9 | 10-12 || total
-------------------------+-------+-------+-------+-------++-------
Melee: Hand axe          |   114 |   223 |    30 |       ||   367
       War axe           |       |       |   294 |   219 ||   513
       Morningstar       |       |       |       |     2 ||     2
Throw: Tomahawk          |    24 |    49 |    51 |    55 ||   179
Invok: Berserk           |     1 |     2 |    11 |     8 ||    22
       Burn Spellbooks   |       |     1 |     1 |     1 ||     3
       Brothers in Arms  |       |       |       |     3 ||     3
  Use: Scroll            |     3 |     8 |     8 |     9 ||    28
       Potion            |       |     2 |     2 |     1 ||     5
  Eat: Chunk             |     2 |     8 |    13 |     6 ||    29
       Fruit             |       |     3 |     2 |     1 ||     6
       Pizza             |       |       |     1 |       ||     1
       Beef jerky        |       |       |     2 |       ||     2
       Royal jelly       |       |       |       |     3 ||     3
       Bread ration      |       |       |       |     1 ||     1
Armor: Animal skin       |    34 |       |       |       ||    34
       Chain mail        |     7 |   120 |   197 |   167 ||   491
Dodge: Dodged            |    87 |    78 |   128 |    98 ||   391
